 Dungeon Crawl Stone Soup version 0.29.0-4-gdea44cf6ec (webtiles) character file.

Game seed: 7287461072270721394

19 qw the Chopper (level 2, -1/17 HPs)
             Began as a Tengu Warper on Aug 28, 2022.
             Slain by a quokka (2 damage)
             ... on level 2 of the Dungeon.
             The game lasted 00:00:01 (197 turns).

qw the Chopper (Tengu Warper)                        Turns: 197, Time: 00:00:01

Health: -1/17      AC:  3    Str: 11    XL:     2   Next: 75%
Magic:  6/6        EV: 11    Int: 13    God:
Gold:   52         SH:  0    Dex: 13    Spells: 5/5 levels left

rFire   . . .      SeeInvis .   a - +0 hand axe
rCold   . . .      Faith    .   (no shield)
rNeg    . . .      Spirit   .   b - +0 leather armour
rPois   .          Reflect  .   (helmet restricted)
rElec   .          Harm     .   (no cloak)
rCorr   .          Rampage  .   (no gloves)
Will    .....                   (boots unavailable)
Stlth   +.........              (no amulet)
HPRegen 0.05/turn               (no ring)
MPRegen 0.10/turn               (no ring)

@: no status effects
A: beak, talons 3
a: no special abilities


You were on level 2 of the Dungeon.
You visited 1 branch of the dungeon, and saw 2 of its levels.

You collected 52 gold pieces.


Innate Abilities, Weirdness & Mutations

You have a beak for a mouth.
You have claws for feet.


   Skills:
 - Level 2.0 Fighting
 + Level 3.5 Axes
 - Level 1.0 Throwing
 - Level 1.1 Armour
 - Level 2.1 Dodging
 - Level 2.0 Spellcasting
 - Level 2.4 Translocations


You had 5 spell levels left.
You didn't know any spells.
Your spell library contained the following spells:

 Spells                   Type           Power      Damage    Failure   Level
 Blink                    Tloc           14%        N/A       19%         2
 Gell's Gravitas          Tloc           7%         N/A       36%         3
 Lesser Beckoning         Tloc           7%         N/A       36%         3
 Teleport Other           Tloc           7%         N/A       36%         3
 Manifold Assault         Tloc           7%         N/A       98%         5

Inventory:

Hand Weapons
 a - a +0 hand axe (weapon)
Missiles
 d - 2 boomerangs of dispersal (quivered)
Armour
 b - a +0 leather armour (worn)
Scrolls
 c - a scroll of blinking
 e - a scroll of identify {unknown}
 f - a scroll of poison {unknown}
 g - a scroll of teleportation {unknown}

Dungeon Overview and Level Annotations

Branches:
Dungeon (1/15)

Altars:


Message History

You slash the adder! Your peck misses the adder.
The adder is severely wounded.
A hobgoblin comes into view.
The adder completely misses you.
You barely miss the adder. Your kick misses the adder.
The adder is severely wounded.
The adder barely misses you. The adder bites you but does no damage.
You hit the adder but do no damage. Your peck misses the adder.
The adder is severely wounded.
You hit the hobgoblin. The adder bites you. The hobgoblin hits you.
You barely miss the adder. Your peck misses the adder.
The adder is severely wounded.
You hit the hobgoblin but do no damage. The adder bites you.
You are poisoned.
The adder poisons you! The hobgoblin barely misses you. The adder bites you.
You miss the adder. Your kick misses the adder.
The adder is severely wounded.
You hit the hobgoblin.
You kill the hobgoblin!
You feel sick. The adder barely misses you.
You hit the adder.
You kill the adder!
You feel sick.
You hit the quokka. You claw the quokka, but do no damage.
The quokka is moderately wounded.
You feel sick.
You are no longer poisoned.
The quokka barely misses you. The quokka bites you.
You closely miss the quokka. Your kick misses the quokka.
The quokka is lightly wounded.
The quokka bites you but does no damage.
You hit the quokka but do no damage.
The quokka is lightly wounded.
The quokka misses you.
You closely miss the quokka. Your peck misses the quokka.
The quokka is lightly wounded.
The quokka barely misses you. The quokka bites you.
You die...

...# ... ..# .. #.## ##
#+ #..# ..#
#.###.######## .).#
#............##..|.##
#####..........%@rl.....
........###...#.##r..>##
...####.# ###.#.# ...#
...# #.# #.#.# .... ...#
#.# #(#.# #.. ...# #.#
#.#.# . #+## #.. ....#
... ....# ###


You could see a quokka, a frilled lizard and a rat.

Vanquished Creatures
  An adder (D:2)
  An endoplasm (D:1)
  A hobgoblin (D:2)
  5 bats
  A goblin (D:1)
  2 kobolds (D:2)
  A rat (D:1)
12 creatures vanquished.

Notes
Turn   | Place    | Note
-------+----------+-------------------------------------------
     0 | D:1      | qw the Tengu Warper began the quest for the Orb.
     0 | D:1      | Reached XP level 1. HP: 12/12 MP: 4/4
     0 | D:1      | 0 ||| qw: Version: 0.1-a-89-g26bdef1
     0 | D:1      | 0 ||| qw: Game counter: 2767
     0 | D:1      | 0 ||| qw: Always use a shield: true
     0 | D:1      | 0 ||| qw: God list: Okawaru
     0 | D:1      | 0 ||| qw: Allow faded altars: false
     0 | D:1      | 0 ||| qw: Do Orc after D:15 true
     0 | D:1      | 0 ||| qw: Do second Lair branch before Depths: true
     0 | D:1      | 0 ||| qw: Lair rune preference: random
     0 | D:1      | 0 ||| qw: Plans: Normal
     0 | D:1      | 0 ||| PLANNING D:1-11
   117 | D:1      | Reached XP level 2. HP: 16/17 MP: 6/6
   154 | D:1      | You fall into a shaft and drop 1 floor!
   183 | D:2      | Reached skill level 3 in Axes
   192 | D:2      | HP: 4/17 [poisoned by an adder]
   194 | D:2      | HP: 1/17 [quokka (1)]
   197 | D:2      | Slain by a quokka

Levels and vault maps discovered:
D:1:      dpeg_arrival_subterranean_lakeside_camping, layout_basic,
          serial_shops, shop, dk_noncrumbling_2, minmay_misc_feat_four_crosses
D:2:      layout_basic, uniq_jessica

Skill      XL: |  1  2 |
---------------+-------+-----
Axes           | 3 |  3.5
Fighting       | |  2.0
Throwing       | |  1.0
Armour         | |  1.1
Dodging        | |  2.1
Spellcasting   | |  2.0
Translocations | |  2.4

Action                   || total
-------------------------++-------
Melee: Hand axe          ||    21
       Kick              ||     2
Throw: Boomerang         ||     5
Armor: Leather armour    ||    10
Dodge: Dodged            ||    20

Table legend:
 A = Non-vault XP
 B = Vault XP
 C = Vault XP percentage of total XP
 D = Non-vault monster count
 E = Vault monster count
 F = Vault count percentage of total count
                 A         B        C        D         E       F
            +---------+---------+-------+---------+---------+-------
      Total |      23 |       5 |  17.9 |       8 |       4 |  33.3
            +---------+---------+-------+---------+---------+-------
        D:1 |       5 |       5 |  50.0 |       3 |       4 |  57.1
        D:2 |      18 |       0 |   0.0 |       5 |       0 |   0.0
            +---------+---------+-------+---------+---------+-------
